 Dungeon Crawl Stone Soup version 0.28.0-53-g5a82cb258f (webtiles) character file.

Game seed: 12621223067746763699

833 acdeimund the Chiller (level 7, -6/48 HPs)
             Began as a Merfolk Ice Elementalist on July 29, 2022.
             Mangled by a phantom (8 damage)
             ... on level 4 of the Dungeon.
             The game lasted 00:18:55 (5141 turns).

acdeimund the Chiller (Merfolk Ice Elementalist)    Turns: 5141, Time: 00:18:55

Health: -6/48      AC: 10    Str:  9    XL:     7   Next: 98%
Magic:  10/10      EV: 13    Int: 14    God:
Gold:   181        SH:  0    Dex: 16    Spells: 3/10 levels left

rFire   . . .      SeeInvis .   m - +0 dagger (protect)
rCold   . . .      Faith    .   (no shield)
rNeg    . . .      Spirit   .   a - +0 robe
rPois   .          Reflect  .   g - +0 helmet
rElec   .          Harm     .   s - scarf {shadows}
rCorr   .          Rampage  .   (no gloves)
Will    .....                   (no boots)
Stlth   ++++......              (no amulet)
HPRegen 0.16/turn               (no ring)
MPRegen 0.12/turn               (no ring)

@: under a protective aura
A: (nimble swimmer 2), mertail
a: no special abilities


You were on level 4 of the Dungeon.
You visited 1 branch of the dungeon, and saw 4 of its levels.

You collected 181 gold pieces.

Inventory:

Hand Weapons
 c - a +0 club
 e - a +0 dagger
 m - a +0 dagger of protection (weapon)
Missiles
 b - 77 stones
 o - 6 poisoned darts
Armour
 a - a +0 robe (worn)
 g - a +0 helmet (worn)
 k - a +0 buckler
 s - a scarf of shadows (worn)
Jewellery
 r - the amulet of the Cricket {Reflect Harm Fly rCorr MP-9 SH+5}
   (You took it off a kobold on level 4 of the Dungeon)

   [amulet of reflection]

   It reflects blocked missile attacks.
   MP:        It affects your magic capacity (-9).
   Fly:       It grants you flight.
   rCorr:     It protects you from acid and corrosion.
   SH:        It affects your SH (+5).
   Harm:      It increases damage dealt and taken.
Wands
 l - a wand of flame (25)
Scrolls
 d - 2 scrolls of acquirement {unknown}
 f - 5 scrolls of teleportation {unknown}
 h - a scroll of identify
Potions
 i - 3 potions of heal wounds
 j - a potion of might {unknown}
 n - a potion of berserk rage {unknown}
 p - a potion of brilliance {unknown}
 u - a potion of lignification {unknown}


   Skills:
 + Level 1.5 Fighting
 + Level 3.5 Dodging
 + Level 7.1 Stealth
 + Level 2.4 Spellcasting
 + Level 7.7 Ice Magic


You had 3 spell levels left.
You knew the following spells:

 Your Spells              Type           Power      Damage    Failure   Level
a - Freeze                Ice            92%        1d10      1%          1
b - Frozen Ramparts       Ice            46%        1d6       3%          3
c - Ozocubu's Armour      Ice            23%        N/A       3%          3

Your spell library contained the following spells:

 Spells                   Type           Power      Damage    Failure   Level
 Animate Skeleton         Necr           2%         N/A       22%         1
 Pain                     Necr           4%         1d4       22%         1
 Call Canine Familiar     Summ           1%         N/A       56%         3
 Portal Projectile        Hex/Tloc       2%         N/A       56%         3
 Vampiric Draining        Necr           1%         2d6       56%         3
 Hailstorm                Conj/Ice       12%        3d5       43%         4
 Leda's Liquefaction      Hex/Erth       0%         N/A       92%         4


Dungeon Overview and Level Annotations

Branches:
Dungeon (4/15)
 Temple: D:4-7

Altars:
Elyvilon
Vehumet
Yredelemnul

Annotations:
D:3 1 runed translucent door, Crazy Yiuf


Innate Abilities, Weirdness & Mutations

((You are very nimble when in or above water. (Stealth+, EV+, Speed+++)))
Your lower body shifts to a powerful aquatic tail in water.


Message History

The phantom is severely damaged.
The phantom hits you but does no damage.
You hit the phantom but do no damage.
The phantom is severely damaged.
The phantom misses you.
You hit the phantom but do no damage.
The phantom is severely damaged.
The phantom hits you.
The phantom blinks!
You blink.
You barely miss the phantom.
The phantom is severely damaged.
The phantom hits you but does no damage.
You hit the phantom but do no damage.
The phantom is severely damaged.
The phantom barely misses you.
You miss the phantom.
The phantom is severely damaged.
The phantom hits you.
You hit the phantom.
The phantom is severely damaged.
The phantom hits you.
* * * LOW HITPOINT WARNING * * *
You closely miss the phantom.
The phantom is severely damaged.
The phantom barely misses you.
You hit the phantom.
The phantom is severely damaged.
The phantom hits you but does no damage.
You hit the phantom but do no damage.
The phantom is severely damaged.
The phantom hits you but does no damage.
You barely miss the phantom.
You punch the phantom, but do no damage.
The phantom is severely damaged.
The phantom hits you.
* * * LOW HITPOINT WARNING * * *
The phantom blinks!
You blink.
The phantom hits you.
* * * LOW HITPOINT WARNING * * *
The phantom hits you!
You die...

# #...).)...........# #
#######..†........# #
#..........#######
#######.#####.##########
..#<# #.#§.............#
.##.# #.#.#............#
.##.# #.#.#............#
.##.# #.#........W.....#
.##.# #.###.§...@......#
..... #........).......#
#######.###............#
# #..................# ≈
#.#................#
≈##.#........###########
≈##.....:.#....$....
#.......##........
#.................


You could see a phantom.

Vanquished Creatures
  Sigmund (D:3)
  2 ogres (D:4)
  A scorpion (D:4)
  A water moccasin skeleton (D:4)
  A jelly (D:4)
  A hound (D:4)
  An orc priest (D:3)
  Ijyb (D:3)
  An iguana (D:4)
  2 orc wizards (D:4)
  2 gnolls (D:3)
  8 adders
  An adder skeleton (D:4)
  2 dart slugs
  A worm (D:3)
  9 orcs
  3 ball pythons
  11 endoplasms
  3 giant cockroaches
  10 goblins
  8 hobgoblins
  4 jackals (D:3)
  A quokka (D:2)
  5 bats
  2 frilled lizards
  7 kobolds
  A rat (D:1)
90 creatures vanquished.

Vanquished Creatures (others)
  An orc wizard (D:4)
1 creature vanquished.

Grand Total: 91 creatures vanquished

Notes
Turn   | Place    | Note
-------+----------+-------------------------------------------
     0 | D:1      | acdeimund the Merfolk Ice Elementalist began the quest for
                  | the Orb.
     0 | D:1      | Reached XP level 1. HP: 13/13 MP: 3/3
   244 | D:1      | Reached XP level 2. HP: 19/19 MP: 3/5
   692 | D:1      | Found a faded altar of an unknown god.
  1064 | D:2      | Reached XP level 3. HP: 24/24 MP: 6/6
  1101 | D:2      | Reached skill level 5 in Ice Magic
  1140 | D:2      | Learned a level 3 spell: Frozen Ramparts
  1742 | D:2      | Reached XP level 4. HP: 30/30 MP: 3/7
  2147 | D:3      | Noticed Sigmund
  2152 | D:3      | Noticed Ijyb
  2159 | D:3      | Killed Sigmund
  2160 | D:3      | Reached skill level 5 in Stealth
  2160 | D:3      | Reached XP level 5. HP: 33/35 MP: 3/8
  2160 | D:3      | Reached XP level 6. HP: 38/41 MP: 3/9
  2247 | D:3      | Killed Ijyb
  3088 | D:3      | Found a runed translucent door.
  3089 | D:3      | Noticed Crazy Yiuf
  3133 | D:3      | Found a basalt altar of Yredelemnul.
  3133 | D:3      | Found a white marble altar of Elyvilon.
  3134 | D:3      | Found a radiant altar of Vehumet.
  3480 | D:4      | Reached XP level 7. HP: 28/46 MP: 7/10
  3865 | D:4      | Learned a level 3 spell: Ozocubu's Armour
  3872 | D:4      | Identified the amulet of the Cricket {Reflect Harm Fly
                  | rCorr MP-9 SH+5}
  4585 | D:4      | Reached skill level 1 in Fighting
  5140 | D:4      | HP: 2/48 [phantom (5)]
  5141 | D:4      | Mangled by a phantom

Illustrated notes

Levels and vault maps discovered:
D:1:      eino_arrival_water_cross, layout_basic,
          shapermc_ecumenical_altar_mp_vishouse, st_stairs_4, minmay_hedge_maze
D:2:      layout_basic
D:3:      layout_loops_corners, nicolae_overflow_hidden_temple, uniq_sigmund,
          uniq_ijyb, uniq_crazy_yiuf_cottage
D:4:      layout_basic, chequers_serial_rivers_room_b, grunt_decor_one_mirror,
          minmay_fractal_squares_gapless_5

Skill      XL: |  1  2  3  4  5  6  7 |
---------------+----------------------+-----
Stealth        | 3 5 6 7 |  7.1
Ice Magic      | 5 6 7 |  7.7
Dodging        | 3 |  3.5
Fighting       | 1 |  1.5
Spellcasting   | |  2.4

Action                   |  1- 3 |  4- 6 |  7- 9 || total
-------------------------+-------+-------+-------++-------
Melee: Club              |     4 |       |       ||     4
       Dagger            |     8 |    27 |   126 ||   161
       Punch             |       |     1 |     1 ||     2
 Cast: Freeze            |    49 |    41 |    31 ||   121
       Frozen Ramparts   |       |     1 |     4 ||     5
       Ozocubu's Armour  |       |       |     1 ||     1
Evoke: Wand              |       |       |     1 ||     1
  Use: Scroll            |       |       |     3 ||     3
       Potion            |       |       |     1 ||     1
 Stab: Sleeping          |     4 |    13 |     5 ||    22
Armor: Robe              |     7 |     8 |    55 ||    70
Dodge: Dodged            |    21 |    20 |    82 ||   123
